 Dungeon Crawl Stone Soup version 0.17-a0-1485-g22cb0ee (webtiles) character file.

207 urechis the Ruffian (level 5, -8/50 HPs)
             Began as a Troll Monk on July 5, 2015.
             Mangled by an iguana (11 damage)
             ... on level 4 of the Dungeon.
             The game lasted 00:04:31 (1767 turns).

urechis the Ruffian (Troll Monk)                    Turns: 1767, Time: 00:04:31

Health: -8/50      AC:  5    Str: 19    XL:     5   Next: 54%
Magic:  4/4        EV: 10    Int:  6    God:
Gold:   201        SH:  0    Dex: 13    Spells: 0 memorised, 4 levels left

rFire  . . .     SeeInvis +       - Unarmed
rCold  . . .     Clarity  .     a - +0 robe
rNeg   . . .     SustAt   .     (no shield)
rPois  .         Gourm    +     (helmet restricted)
rElec  .         Spirit   .     (no cloak)
rCorr  .         Warding  .     (gloves unavailable)
rMut   .         Stasis   .     (boots unavailable)
MR     .....                    (no amulet)
Stlth  +.........               (no ring)
                                q - ring of see invisible

@: not resistant to hostile enchantments, very unstealthy
A: unfitting armour, claws 3, fast metabolism 3, gourmand, regeneration 2,
shaggy fur 1, tough skin 2
a: no special abilities


You were on level 4 of the Dungeon.
You were full.

You visited 1 branch of the dungeon, and saw 4 of its levels.

You collected 201 gold pieces.

Inventory:

Missiles
 h - 40 poisoned needles
Armour
 a - a +0 robe (worn)
Jewellery
 q - a ring of see invisible (left claw)
Scrolls
 e - 5 scrolls of remove curse {unknown}
 f - 2 scrolls of identify {unknown}
 g - a scroll of amnesia {unknown}
 l - a scroll of fear {unknown}
 m - 4 scrolls of recharging {unknown}
 p - a scroll of fog {unknown}
Potions
 c - a potion of mutation {unknown}
 i - 3 potions of curing {unknown}
 j - 2 potions of heal wounds {unknown}
 k - a potion of lignification {unknown}
Comestibles
 b - 4 bread rations
 d - a slice of pizza
 n - 3 meat rations
 o - 2 royal jellies


   Skills:
 - Level 2.4 Fighting
 - Level 2.4 Dodging
 - Level 1.1 Stealth
 + Level 6.9 Unarmed Combat


You had 4 spell levels left.
You didn't know any spells.

Dungeon Overview and Level Annotations

Branches:
Dungeon (4/15)
 Temple: D:4-7

Altars:
Okawaru
Vehumet


Innate Abilities, Weirdness & Mutations

You are too large for most types of armour.
You have claws for hands.
Your metabolism is lightning-fast.
You like to eat raw meat.
You heal very quickly.
You are covered in fur (AC +1).
You have very tough skin (AC +2).


Message History

You are too injured to fight recklessly!
You are too injured to fight recklessly!
You are too injured to fight recklessly!
You are too injured to fight recklessly!
You scratch the goblin.
You kill the goblin!
You closely miss the iguana.
The iguana is severely wounded.
The iguana bites you!
* * * LOW HITPOINT WARNING * * *
You scratch the iguana but do no damage.
Your claw misses the iguana.
The iguana is severely wounded.
The iguana completely misses you.
You closely miss the iguana.
The iguana is severely wounded.
You scratch the iguana.
The iguana is severely wounded.
The iguana bites you!
You die...

####### #......###
#........# #....#...#
#######......(.#
#........#._.#.#
#..............#
#.........l#..?#
#..........@...#
#.........####.#
###........##
..#..........# ### ..
#...)....# ... .
#........#######.# ###
###.####.#####....##.#
... ....####.#
#....##.###.#..
#####.....#
#....##........


You could see an iguana (bleeding).

Vanquished Creatures
  An ogre (D:4)
  An orc wizard (D:3)
  4 adders
  A worm (D:2)
  4 giant geckos
  3 orcs
  A ball python (D:3)
  4 giant cockroaches
  4 hobgoblins
  3 jackals (D:2)
  6 bats
  7 giant newts
  7 goblins
  6 kobolds
  6 rats
58 creatures vanquished.

Notes
Turn   | Place    | Note
--------------------------------------------------------------
     0 | D:1      | urechis the Troll Monk began the quest for the Orb.
     0 | D:1      | Reached XP level 1. HP: 22/22 MP: 0/0
     3 | D:1      | Noticed an electric eel
     3 | D:1      | Noticed an electric eel
   379 | D:1      | Reached XP level 2. HP: 29/29 MP: 1/1
   745 | D:2      | Found an iron altar of Okawaru.
   922 | D:2      | Reached skill level 5 in Unarmed Combat
   922 | D:2      | Reached XP level 3. HP: 12/36 MP: 2/2
  1293 | D:3      | Reached XP level 4. HP: 13/44 MP: 3/3
  1481 | D:3      | Reached skill level 6 in Unarmed Combat
  1689 | D:4      | Noticed an ogre
  1696 | D:4      | Killed an ogre
  1696 | D:4      | Reached XP level 5. HP: 50/50 MP: 4/4
  1754 | D:4      | Found a radiant altar of Vehumet.
  1764 | D:4      | HP: 1/50 [iguana (10)]
  1767 | D:4      | Mangled by an iguana

Vault maps used:
D:1:      arrival_aquarium_b
D:2:      okawaru_metal_pillars_3, kennysheep_generic_room_10
D:4:      vehumet_altar_wand_db, kennysheep_small_square

Action                   |  1- 3 |  4- 6 || total
-------------------------+-------+-------++-------
Melee: Unarmed           |    98 |    40 ||   138
 Stab: Sleeping          |     1 |     4 ||     5
  Eat: Chunk             |    13 |     5 ||    18
